 Dungeon Crawl Stone Soup version 0.29-a0-243-g602b31c20e (webtiles) character file.

Game seed: 17183744321842450520

334 timneilson the Covered (level 6, -1/38 HPs)
             Began as a Gargoyle Fighter on Mar 4, 2022.
             Slain by an orc warrior
             ... wielding a +0 halberd
              (3 damage)
             ... on level 4 of the Dungeon.
             The game lasted 00:04:38 (4312 turns).

timneilson the Covered (Gargoyle Fighter)           Turns: 4312, Time: 00:04:39

Health: -1/38      AC: 11    Str: 21    XL:     6   Next: 53%
Magic:  6/6        EV:  9    Int:  9    God:
Gold:   173        SH:  4    Dex:  9    Spells: 5/5 levels left

rFire   . . .      SeeInvis .   a - +1 long sword (venom)
rCold   . . .      Faith    .   c - +0 buckler
rNeg    + . .      Spirit   .   b - +0 scale mail
rPois   ∞          Reflect  .   (no helmet)
rElec   +          Harm     .   (no cloak)
rCorr   .          Rampage  .   (no gloves)
Will    .....                   (no boots)
Stlth   ..........              (no amulet)
HPRegen 0.12/turn               (no ring)
MPRegen 0.10/turn               (no ring)

@: mighty
A: sickness immunity, AC +4, negative energy resistance 1, electricity
resistance, torment resistance 1, petrification resistance
a: no special abilities


You were on level 4 of the Dungeon.
You visited 1 branch of the dungeon, and saw 4 of its levels.

You collected 173 gold pieces.

Inventory:

Hand Weapons
 a - a +1 long sword of venom (weapon)
 q - a +0 war axe of flaming
Armour
 b - a +0 scale mail (worn)
 c - a +0 buckler (worn)
Wands
 j - a wand of charming (1)
 m - a wand of acid (10)
Scrolls
 g - a scroll of summoning {unknown}
 h - 3 scrolls of identify
 i - a scroll of enchant weapon
 l - a scroll of teleportation {unknown}
 p - a scroll of blinking
Potions
 e - 4 potions of curing
 f - a potion of invisibility
 k - a potion of mutation {unknown}
 n - a potion of attraction
 o - a potion of flight {unknown}


   Skills:
 + Level 4.0 Fighting
 * Level 3.2 Long Blades
 * Level 4.8 Armour
 + Level 1.2 Dodging
 * Level 4.7 Shields
 + Level 1.3 Evocations


You had 5 spell levels left.
You didn't know any spells.
Your spell library was empty.

Dungeon Overview and Level Annotations

Branches:
Dungeon (4/15)
 Temple: D:4-7

Altars:
Gozag
Hepliaklqana
Makhleb
Sif Muna
Trog
Yredelemnul


Innate Abilities, Weirdness & Mutations

You are immune to sickness and miasma.
Your stone body is resilient. (AC +4)
You are immune to poison.
You resist negative energy. (rN+)
You are resistant to electric shocks. (rElec)
You are resistant to unholy torment.
You are immune to petrification.


Message History

You closely miss the iguana.
The iguana is almost dead.
You kill the iguana!
Your Fighting skill increases to level 4!
There is an open door, spattered with blood here.
Things that are here:
a +0 giant club; an ogre corpse You see here a +0 war axe of flaming.
q - a +0 war axe of flaming You feel a little less mighty now.
There is an open door, spattered with blood here.
Things that are here:
a +0 giant club; an ogre corpse
There is an open door here.
An orc warrior comes into view. It is wielding a +0 halberd.
An orc comes into view. It is wielding a +0 club.
The orc warrior shouts!
The orc shouts!
An orc comes into view. It is wielding a +0 whip.
The orc shouts!
You barely miss the orc warrior. The orc warrior closely misses you.
The orc warrior hits you with a +0 halberd!
The orc hits you with a +0 club.
You barely miss the orc warrior.
The orc warrior hits you with a +0 halberd.
The orc hits you but does no damage.
You closely miss the orc warrior.
The orc warrior hits you with a +0 halberd!
The orc barely misses you.
You feel better.
The orc warrior hits you with a +0 halberd!
* * * LOW HITPOINT WARNING * * *
The orc hits you but does no damage. The orc hits you with a +0 whip.
* * * LOW HITPOINT WARNING * * *
You feel very mighty all of a sudden.
The orc warrior hits you with a +0 halberd.
* * * LOW HITPOINT WARNING * * *
The orc hits you but does no damage. x2
You barely miss the orc warrior.
The orc warrior hits you with a +0 halberd.
You die...

....#..........#
...
....#..........# ..
...###.######### .#
'################.#
............>.....#
..................#
....##...##..##...#
....##...######...#
....##...##.....@.#
....####'##....ooo#
....##...##..##...#
....##...#### #...#
....#.....# ....#
#.....# #.....
##...## #.....
######...## #.....#
....##....#


You could see an orc warrior and 2 orcs.

Vanquished Creatures
  An ogre (D:4)
  An iguana (D:4)
  4 orc wizards
  4 adders
  2 worms
  2 dart slugs
  13 orcs
  6 endoplasms
  5 hobgoblins
  3 kobolds
  4 quokkas
  8 ball pythons
  3 bats
  6 frilled lizards
  5 goblins
  A rat (D:1)
68 creatures vanquished.

Notes
Turn   | Place    | Note
-------+----------+-------------------------------------------
     0 | D:1      | timneilson the Gargoyle Fighter began the quest for the
                  | Orb.
     0 | D:1      | Reached XP level 1. HP: 14/14 MP: 1/1
   292 | D:1      | Reached XP level 2. HP: 13/19 MP: 2/2
   837 | D:1      | Reached XP level 3. HP: 16/23 MP: 3/3
  2149 | D:3      | Reached XP level 4. HP: 15/28 MP: 4/4
  2788 | D:3      | Found a burning altar of Makhleb.
  2788 | D:3      | Found an opulent altar of Gozag.
  2806 | D:3      | Found a bloodstained altar of Trog.
  2808 | D:3      | Found a basalt altar of Yredelemnul.
  2809 | D:3      | Found a shimmering blue altar of Sif Muna.
  3009 | D:4      | Found a hazy altar of Hepliaklqana.
  3268 | D:4      | Reached XP level 5. HP: 10/33 MP: 5/5
  3912 | D:4      | Reached skill level 1 in Dodging
  4126 | D:4      | Reached skill level 1 in Evocations
  4215 | D:4      | Noticed an ogre
  4221 | D:4      | Killed an ogre
  4222 | D:4      | Reached XP level 6. HP: 38/38 MP: 6/6
  4303 | D:4      | Noticed an orc warrior
  4312 | D:4      | Slain by an orc warrior

Illustrated notes

Levels and vault maps discovered:
D:1:      lemuel_arrival_behind_the_door_large, layout_basic,
          minmay_pentomino_z4
D:2:      layout_basic
D:3:      layout_basic, chequers_temple_overflow_minitemple
D:4:      layout_gridville, mainiacjoe_overflow_tiny_flanked, roderic_lattice_a

Skill      XL: |  1  2  3  4  5  6 |
---------------+-------------------+-----
Long Blades    | 2 3 |  3.2
Armour         | 4 |  4.8
Shields        | 4 |  4.7
Dodging        | 1 |  1.2
Evocations     | 1 |  1.3
Fighting       | 4 |  4.0

Action                   |  1- 3 |  4- 6 || total
-------------------------+-------+-------++-------
Melee: Long sword        |   121 |   130 ||   251
  Use: Scroll            |     7 |     5 ||    12
       Potion            |       |     5 ||     5
Armor: Scale mail        |    57 |    89 ||   146
Dodge: Dodged            |    61 |    83 ||   144
Block: Buckler           |    22 |    27 ||    49

Table legend: (Time is in decaauts)
 A = Elapsed time spent in this place.
 B = Non-inter-level travel time spent in this place.
 C = Inter-level travel time spent in this place.
 D = Time resting spent in this place.
 E = Time spent auto-exploring this place.
 F = Levels seen in this place.
 G = Mean time per level.
                   A        B        C        D        E       F      G
               +--------+--------+--------+--------+--------+-----+--------+
         Total |   4394 |   4327 |     67 |     91 |   3566 |   4 | 1098.5 |
       Dungeon |   4394 |   4327 |     67 |     91 |   3566 |   4 | 1098.5 |
               +--------+--------+--------+--------+--------+-----+--------+

Top non-repeatable levels by time:
     D:1: 1390 daAuts
     D:4: 1119 daAuts
     D:3: 1116 daAuts
     D:2: 767 daAuts
